 Dungeon Crawl Stone Soup version 0.29.1-1-gd02db6906a (webtiles) character file.

Game seed: 10654110085040817297

3 Kold the Trooper (level 1, -1/18 HPs)
             Began as a Demonspawn Monk on Oct 19, 2022.
             Slain by a frilled lizard (3 damage)
             ... on level 1 of the Dungeon.
             The game lasted 00:00:13 (281 turns).

Kold the Trooper (Demonspawn Monk)                   Turns: 281, Time: 00:00:14

Health: -1/18      AC:  2    Str: 11    XL:     1   Next: 41%
Magic:  1/1        EV: 13    Int: 11    God:
Gold:   12         SH:  0    Dex: 15    Spells: 0/0 levels left

rFire   . . .      SeeInvis .     - Unarmed
rCold   . . .      Faith    .   (no shield)
rNeg    . . .      Spirit   .   a - +0 robe
rPois   .          Reflect  .   (no helmet)
rElec   .          Harm     .   (no cloak)
rCorr   .          Rampage  .   (no gloves)
Will    .....                   (no boots)
Stlth   ++........              (no amulet)
HPRegen 0.06/turn               (no ring)
MPRegen 0.07/turn               (no ring)

@: no status effects
A: no striking features
a: no special abilities


You were on level 1 of the Dungeon.
You visited 1 branch of the dungeon, and saw 1 of its levels.

You collected 12 gold pieces.

Inventory:

Armour
 a - a +0 robe (worn)
Scrolls
 e - a scroll of enchant armour {unknown}
Potions
 b - a potion of ambrosia
 c - a potion of haste {unknown}
 d - a potion of curing {unknown}
 f - 2 potions of lignification {unknown}


   Skills:
 + Level 3.0 Fighting
 + Level 2.7 Dodging
 + Level 1.8 Stealth
 + Level 2.7 Unarmed Combat


You couldn't memorise any spells.
You didn't know any spells.
Your spell library was empty.

Dungeon Overview and Level Annotations

Branches:
Dungeon (1/15)

Altars:


Message History

The frilled lizard hisses angrily.
The frilled lizard unfolds its giant frill.
The kobold misses you.
You hit the kobold but do no damage. The kobold hits you with a +0 club.
You hit the kobold but do no damage. The kobold hits you with a +0 club.
You closely miss the kobold. The giant cockroach closely misses you.
The kobold hits you but does no damage.
You hit the kobold.
The kobold is severely wounded.
The giant cockroach bites you but does no damage.
The kobold hits you but does no damage.
The giant cockroach bites you but does no damage.
You hit the kobold.
The kobold is severely wounded.
The frilled lizard misses you. The kobold barely misses you.
The giant cockroach bites you but does no damage.
You closely miss the kobold.
The kobold is severely wounded.
The frilled lizard bites you. The kobold closely misses you.
The giant cockroach closely misses you.
You are too injured to fight recklessly!
You are too injured to fight recklessly!
You hit the kobold but do no damage.
The kobold is severely wounded.
The giant cockroach bites you. The frilled lizard bites you.
The kobold hits you with a +0 club.
* * * LOW HITPOINT WARNING * * *
You barely miss the kobold.
The kobold is severely wounded.
The giant cockroach bites you but does no damage.
The frilled lizard barely misses you. The kobold barely misses you.
You closely miss the kobold.
The kobold is severely wounded.
The giant cockroach closely misses you. The frilled lizard closely misses you.
The kobold misses you.
You closely miss the kobold.
The kobold is severely wounded.
The giant cockroach completely misses you.
The frilled lizard bites you.
You die...

#......# #...# ..
######.####...#####..
#.............# ♣##
#####.........# ..###
##........# ..∩.#
##......## ..#∩###
#####......#
......###...........#
.......##.......@l..#
.♣.....##.......KB.....#
.......#######.........+
......### #.........#
......∩.# #..=.!....#
......### #.#####...#
........## #. ...#
.⌠.......# #. ..#
.........#


You could see a giant cockroach, a kobold and a frilled lizard.

Vanquished Creatures
  An endoplasm (D:1)
  A giant cockroach (D:1)
  A bat (D:1)
3 creatures vanquished.

Notes
Turn   | Place    | Note
-------+----------+-------------------------------------------
     0 | D:1      | Kold the Demonspawn Monk began the quest for the Orb.
     0 | D:1      | Reached XP level 1. HP: 18/18 MP: 1/1
   281 | D:1      | Slain by a frilled lizard

Illustrated notes

Levels and vault maps discovered:
D:1:      nzn_arrival_settlement, layout_basic

Action                   || total
-------------------------++-------
Melee: Unarmed           ||    19
       Punch             ||     1
Armor: Robe              ||     7
Dodge: Dodged            ||    17
